 Dungeon Sprint DCSS version 0.24.0-123-gd5b16e6ec5 (webtiles) character file.

Game seed: 9734093692674878749, levelgen mode: deterministic

166 McKennaii the Slasher (level 5, -1/44 HPs)
             Began as a Demonspawn Fighter on Dec 23, 2019.
             Slain by a human (11 damage)
             ... in the Dungeon (Sprint III: "The Ten Rune Challenge").
             The game lasted 00:02:11 (913 turns).

McKennaii the Slasher (Demonspawn Fighter)           Turns: 913, Time: 00:02:11

Health: -1/44      AC:  7    Str: 16    XL:     5   Next: 22%
Magic:  5/5        EV:  7    Int:  9    God:
Gold:   23         SH: 10    Dex: 18    Spells: 4/4 levels left

rFire    . . .     SeeInvis .   a - +0 long sword
rCold    . . .     Gourm    .   c - +0 shield
rNeg     . . .     Faith    .   b - +0 scale mail
rPois    .         Spirit   .   (no helmet)
rElec    .         Reflect  .   (no cloak)
rCorr    .         Harm     .   (no gloves)
MR       .....     NoTele   +   (no boots)
Stlth    +.........             (no amulet)
HPRegen  0.14/turn              (no ring)
MPRegen  0.09/turn              (no ring)

@: no status effects
A: talons 1, thin skeletal structure 2, blurry vision 1, sense surroundings 1,
evolution 1
a: no special abilities


You were in the Dungeon.
You were not hungry.

You visited 1 branch You collected 23 gold pieces.

Inventory:

Hand Weapons
 a - a +0 long sword (weapon)
Armour
 b - a +0 scale mail (worn)
 c - a +0 shield (worn)
Scrolls
 k - a scroll of blinking
 l - a scroll of fear {unknown}
 n - a scroll of torment {unknown}
 o - 2 scrolls of remove curse {unknown}
 p - a scroll of enchant weapon {unknown}
 r - a scroll of immolation {unknown}
 s - a scroll of identify {unknown}
Potions
 e - a potion of curing
 h - a potion of haste
 i - 2 potions of magic
 j - a potion of berserk rage
 m - 3 potions of mutation
 q - 2 potions of resistance {unknown}
Comestibles
 f - 3 rations


   Skills:
 + Level 5.3 Fighting
 * Level 6.5 Long Blades
 + Level 5.1 Armour
 + Level 0.5 Dodging
 + Level 0.2 Stealth
 + Level 4.9 Shields


You had 4 spell levels left.
You didn't know any spells.
Your spell library contained the following spells:

 Spells                   Type           Power        Failure   Level  Hunger
 Confusing Touch          Hex            #.....       99%         1    ##.....
 Magic Dart               Conj           #...         99%         1    ##.....
 Blink                    Tloc           N/A          100%        2    ###....
 Call Imp                 Summ           #.......     100%        2    ###....
 Slow                     Hex            #.......     100%        2    ###....
 Confuse                  Hex            #.......     100%        3    ####...
 Conjure Flame            Conj/Fire      #.......     100%        3    ####...
 Gell's Gravitas          Tloc           #.........   100%        3    ####...
 Mephitic Cloud           Conj/Pois/Air  #.......     100%        3    ####...
 Petrify                  Tmut/Erth      #.......     100%        4    #####..
 Metabolic Englaciation   Hex/Ice        #.........   100%        5    ######.
 Yara's Violent Unravell  Hex/Tmut       #.........   100%        5    ######.


Dungeon Overview and Level Annotations

Branches:
Dungeon (1/1)

Altars:
Kikubaaqudgha
Okawaru
Sif Muna
Trog
Uskayaw
Vehumet
Wu Jian
Beogh


Innate Abilities, Weirdness & Mutations

You have sharp toenails.
You have a moderately thin skeletal structure. (Dex +4, Stealth+)
Scrolls take you a little longer to read.
You passively map a small area around you.
You evolve.


Message History

The human hits you!
* * * LOW HITPOINT WARNING * * *
You feel much better. The human hits you but does no damage.
You closely miss the human. You claw the human, but do no damage.
The human is heavily wounded.
You hear a shout!
You block the human's attack.
You hit the human. Your kick misses the human.
The human is severely wounded.
The human rages.
The human hits you!
You hear a shout!
You hit the human.
The human is severely wounded.
The human hits you.
* * * LOW HITPOINT WARNING * * *
Your shield and scale mail prevent you from hitting the human.
The human is severely wounded.
The human closely misses you. The human hits you!
You die...

▓▓▓▓▓▓▓▓▓ ▓▓▓ ▓<..#)..#### ##.#
##### ▓...#......#####..#
_#___# ▓..##....)..#..#..#
,#__.
▓##.##.##...#..#..###+#'###+##
##.##.###..##@#..#..........#
▓#.####.##..###p..'.⌠........#,
▓.###..##..####...#...######+#,
▓#..†..##..###....#.⌠.#_ * , +
###..##...##.....#...#_ ,,
##..##....#......#'### , ,*,
#..###..##.#.....#)).# * #..#
#..#####....#___# , ▓▓▓▓ ▓▓▓▓
▓▓▓▓▓▓▓▓▓▓ * **


You could see a human.

Vanquished Creatures
  A water elemental (D)
  Jessica (D)
  A wizard (D)
  A human (D)
  A kobold demonologist (D)
  A wolf (D)
  An ooze (D)
  A rat (D)
8 creatures vanquished.

Vanquished Creatures (others)
  2 draconian scorchers (D)
  6 hellions (D)
  A yaktaur (D)
  4 plants (D)
13 creatures vanquished.

Grand Total: 21 creatures vanquished

Notes
Turn   | Place    | Note
-------+----------+-------------------------------------------
     0 | D        | McKennaii the Demonspawn Fighter began the quest for the
                  | Orb.
     0 | D        | Reached XP level 1. HP: 18/18 MP: 1/1
    10 | D        | Reached skill level 2 in Long Blades
    23 | D        | Noticed Jessica
    26 | D        | Killed Jessica
    26 | D        | Reached skill level 3 in Long Blades
    26 | D        | Gained mutation: You have a somewhat thin skeletal
                  | structure. (Dex +2, Stealth) [demonic ancestry]
    26 | D        | Reached XP level 2. HP: 25/25 MP: 2/2
    26 | D        | Gained mutation: You have a moderately thin skeletal
                  | structure. (Dex +4, Stealth+) [demonic ancestry]
    26 | D        | Reached XP level 3. HP: 30/30 MP: 3/3
    58 | D        | Reached skill level 4 in Long Blades
   105 | D        | Killed a hellion
   106 | D        | Killed a hellion
   113 | D        | Killed a white draconian scorcher
   125 | D        | Killed a hellion
   125 | D        | Killed a hellion
   140 | D        | Killed a hellion
   200 | D        | Killed a hellion
   200 | D        | Killed a yaktaur
   239 | D        | Killed a white draconian scorcher
   340 | D        | Noticed a water elemental
   361 | D        | Gained mutation: Scrolls take you a little longer to read.
                  | [potion of mutation]
   361 | D        | Gained mutation: Your magical capacity is low. (-10% MP)
                  | [potion of mutation]
   361 | D        | Gained mutation: You evolve. [potion of mutation]
   361 | D        | Gained mutation: You passively map a small area around you.
                  | [potion of mutation]
   590 | D        | Killed a water elemental
   590 | D        | Reached skill level 5 in Fighting
   590 | D        | Reached skill level 5 in Long Blades
   590 | D        | Reached XP level 4. HP: 4/39 MP: 3/3
   858 | D        | Found a radiant altar of Vehumet.
   859 | D        | Found a shimmering blue altar of Sif Muna.
   859 | D        | Found an ancient bone altar of Kikubaaqudgha.
   859 | D        | Noticed a wizard
   864 | D        | Killed a wizard
   864 | D        | Reached skill level 6 in Long Blades
   864 | D        | Gained mutation: You have sharp toenails. [demonic
                  | ancestry]
   864 | D        | Reached XP level 5. HP: 44/44 MP: 4/4
   868 | D        | Lost mutation: Your magical capacity is low. (-10% MP)
                  | [evolution]
   869 | D        | Noticed a red devil
   869 | D        | Reached skill level 5 in Armour
   892 | D        | Found a hide-covered altar of Uskayaw.
   892 | D        | Found a roughly hewn altar of Beogh.
   892 | D        | Found an iron altar of Okawaru.
   892 | D        | Found a bloodstained altar of Trog.
   892 | D        | Found an ornate altar of the Wu Jian Council.
   892 | D        | Noticed a human
   893 | D        | Noticed a human
   913 | D        | Slain by a human

Levels and vault maps discovered:
D:        dungeon_sprint_mu [sprint_mu_entry_cave, sprint_mu_temple_rooms,
          sprint_mu_d1_horrors, sprint_mu_d2_genie, sprint_mu_d3_branching,
          sprint_mu_orc_legion, sprint_mu_elf_gauntlet, sprint_mu_hive_nellie,
          sprint_mu_lair_fedhas, sprint_mu_vaults_butterflies,
          sprint_mu_slime_circle, sprint_mu_swamp_cave, sprint_mu_shoals_kraken,
          sprint_mu_blade_basic, sprint_mu_crypt_chambers,
          sprint_mu_tomb_spiral, sprint_mu_vestibule_basic,
          sprint_mu_gehenna_hellfire, sprint_mu_dis_giant,
          sprint_mu_tartarus_statrot, sprint_mu_cocytus_islands, sprint_mu_zot1]

Skill      XL: |  1  2  3  4  5 |
---------------+----------------+-----
Long Blades    | 3 5 6 |  6.5
Armour         | 3 4 5 |  5.1
Shields        | 3 4 |  4.9
Fighting       | 4 5 |  5.3
Dodging        | |  0.5
Stealth        | |  0.2

Action                   |  1- 3 |  4- 6 || total
-------------------------+-------+-------++-------
Melee: Long sword        |    33 |    21 ||    54
       Kick              |       |     7 ||     7
  Use: Potion            |     2 |     1 ||     3
Armor: Scale mail        |    10 |     3 ||    13
Dodge: Dodged            |     8 |     5 ||    13
Block: Shield            |    13 |     8 ||    21
       Rpst.: Long sword |     5 |     2 ||     7
